 Dungeon Crawl Stone Soup version 0.32-a0-872-g59262bdc9b (webtiles) character file.

Game seed: 991764757805515662

62425 Autsider the Brawler (level 14, -7/144 HPs)
             Began as a Troll Fighter on Mar 30, 2024.
             Was the Champion of Wu Jian.
             Mangled by a two-headed ogre
             ... wielding a +0 giant club
              (12 damage)
             ... on level 1 of the Orcish Mines.
             The game lasted 00:53:11 (14476 turns).

Autsider the Brawler (Troll Fighter)               Turns: 14476, Time: 00:53:11

Health: -7/144     AC: 12    Str: 29    XL:     14   Next: 64%
Magic:  14/14      EV: 16    Int:  4    God:    Wu Jian [******]
Gold:   1666       SH: 11    Dex: 11    Spells: 14/15 levels left

rFire   . .          .
                       - Unarmed
rCold   . . .        b - +0 kite shield
rNeg    . . .        O - +0 troll leather armour
rPois   .            k - +2 hat
rElec   .            N - +0 cloak
rCorr   .            (gloves unavailable)
SInv    .            (boots unavailable)
Will    +....        j - amulet of regeneration
Stlth   +            U - +4 ring of protection
HPRegen 2.84/turn    H - +5 ring of evasion
MPRegen 0.14/turn

%: no passive effects
@: studying Throwing
A: large, unfitting armour, claws 3, regeneration 1, shaggy fur 1, tough skin 1
a: Renounce Religion, Wall Jump, Serpent's Lash, Heavenly Storm


You were on level 1 of the Orcish Mines.
You worshipped Wu Jian.
Wu Jian was exalted by your worship.
You visited 4 branches of the dungeon, and saw 19 of its levels.
You also visited: Bailey, Gauntlet and Volcano.

You collected 1666 gold pieces.

Inventory:

Missiles
 h - 5 throwing nets (quivered)
 J - 3 curare-tipped darts
 R - 3 silver javelins
Armour
 b - a +0 kite shield (worn)
 k - a +2 hat (worn)
 z - the +1 robe "Caag" {rElec rPois Str+2}
   (You acquired it in a bailey)

   Str+2:     It affects your strength (+2).
   rElec:     It insulates you from electricity.
   rPois:     It protects you from poison.
 N - a +0 cloak (worn)
 O - a +0 troll leather armour (worn)
 S - a +2 robe of fire resistance
 T - the +3 hat of Pondering {ponderous, Will+ MP+10 Int+5}
   (You took it off Gastronok on level 3 of the Lair of Beasts)

   Int+5:     It affects your intelligence (+5).
   Will+:     It increases your willpower.
   MP+10:     It affects your magic capacity (+10).
Jewellery
 f - the ring "Riathir" {Fire Str+2 Dex+2}
   (You acquired it on level 6 of the Dungeon)

   [ring of fire]

   Fire:      It enhances your fire magic.
   Str+2:     It affects your strength (+2).
   Dex+2:     It affects your dexterity (+2).
   rF+:       It protects you from fire.
   rC-:       It makes you vulnerable to cold.
 g - a +4 ring of slaying
 j - an amulet of regeneration (around neck)
 x - a ring of resist corrosion
 A - the ring "Ixo Kyqi" {Fire rElec}
   (You found it in a bailey)

   [ring of fire]

   Fire:      It enhances your fire magic.
   rF+:       It protects you from fire.
   rC-:       It makes you vulnerable to cold.
   rElec:     It insulates you from electricity.
 H - a +5 ring of evasion (right claw)
 K - a +6 ring of strength
 U - a +4 ring of protection (left claw)
 X - a ring of protection from cold
 Y - a ring of poison resistance
Wands
 m - a wand of polymorph (4)
 n - a wand of mindburst (8)
 s - a wand of warping (13)
 t - a wand of paralysis (24)
 B - a wand of quicksilver (8)
 I - a wand of flame (9)
 V - a wand of digging (4)
Scrolls
 a - a scroll of immolation
 i - 6 scrolls of vulnerability
 o - a scroll of poison
 w - a scroll of fear
 y - 9 scrolls of teleportation
 G - 2 scrolls of blinking
 M - 5 scrolls of identify
 P - 3 scrolls of revelation
 W - a scroll of fog
Potions
 c - 7 potions of might
 d - 4 potions of brilliance
 e - 6 potions of heal wounds
 l - a potion of berserk rage
 p - 6 potions of curing
 q - 2 potions of enlightenment
 r - 2 potions of lignification
 u - a potion of invisibility
 C - 2 potions of haste
 E - 2 potions of resistance
 F - a potion of magic
 Q - a potion of mutation
 Z - a potion of cancellation


   Skills:
 + Level 10.3 Fighting
 - Level 9.9 Dodging
 + Level 11.2 Shields
 * Level 16.5 Unarmed Combat
 - Level 1.1 Spellcasting
 - Level 3.3 Translocations


You had 14 spell levels left.
You knew the following spells:

 Your Spells              Type           Power      Damage    Failure   Level
a - Apportation           Tloc           4%         N/A       24%         1

Your spell library contained the following spells:

 Spells                   Type           Power      Damage    Failure   Level
 Sting                    Conj/Alch      0%         1d3       65%         1
 Jinxbite                 Hex            0%         N/A       80%         2
 Call Canine Familiar     Summ           0%         N/A       95%         3
 Sigil of Binding         Hex            0%         N/A       95%         3
 Dimensional Bullseye     Hex/Tloc       0%         N/A       99%         4
 Leda's Liquefaction      Alch/Erth      0%         N/A       100%        4
 Petrify                  Alch/Erth      0%         N/A       100%        4
 Alistair's Intoxication  Alch           0%         N/A       100%        5
 Metabolic Englaciation   Hex/Ice        0%         N/A       100%        5
 Summon Forest            Summ/Tloc      0%         N/A       100%        5
 Summon Mana Viper        Hex/Summ       0%         N/A       100%        5
 Eringya's Noxious Bog    Alch           0%         4d6       100%        6
 Summon Cactus Giant      Summ           0%         N/A       100%        6
 Summon Hydra             Summ           0%         N/A       100%        7
 Chain Lightning          Conj/Air       0%         N/A       100%        9


Dungeon Overview and Level Annotations

Branches:
Dungeon (12/15)            Temple (1/1) D:6            Lair (5/5) D:10
 Shoals (0/4) Lair:3       Spider (0/4) Lair:3        Slime (0/5) Lair:5
    Orc (1/2) D:10         Bailey (visited)         Volcano (visited)
Gauntlet (visited)

Altars:
Ashenzari
Cheibriados
Dithmenos
Elyvilon
Fedhas
Gozag
Hepliaklqana
Kikubaaqudgha
Makhleb
Nemelex Xobeh
Okawaru
Qazlal
Ru
Sif Muna
Trog
Uskayaw
Vehumet
Wu Jian
Xom
Yredelemnul
Zin
The Shining One
Jiyva

Annotations:
D:12 exclusion: orange crystal statue
Lair:5 1 runed translucent door
Orc:1 4 runed translucent doors, Ecig's ghost, journeyman DrSh


Innate Abilities, Weirdness & Mutations

You are too large for most types of armour.
You have claws for hands.
Your natural rate of healing is unusually fast.
You are covered in fur. (AC +1)
You have tough skin. (AC +1)


Message History

The two-headed ogre hits you with a +0 giant club!!
* * * LOW HITPOINT WARNING * * *
The two-headed ogre hits you with a +0 giant spiked club!
* * * LOW HITPOINT WARNING * * *
You feel much better. You block the two-headed ogre's attack.
The two-headed ogre hits you with a +0 giant spiked club!
* * * LOW HITPOINT WARNING * * *
The ogre mage gestures at you while chanting.
The bolt of magma hits you!!
* * * LOW HITPOINT WARNING * * *
You spin and attack the ogre mage.
You mangle the ogre mage!!
You kill the ogre mage!
The Council accepts your kill.
You claw the two-headed ogre!
The two-headed ogre is moderately wounded.
The two-headed ogre hits you with a +0 giant club!!
* * * LOW HITPOINT WARNING * * *
You block the two-headed ogre's attack.
You spin and attack the two-headed ogre.
You mangle the two-headed ogre!!
The two-headed ogre is severely wounded.
The two-headed ogre hits you but does no damage. x2
You see here a +0 giant spiked club.
You barely miss the two-headed ogre.
The two-headed ogre is severely wounded.
The two-headed ogre closely misses you. You block the two-headed ogre's attack.
You barely miss the two-headed ogre.
The two-headed ogre is severely wounded.
The two-headed ogre barely misses you. You block the two-headed ogre's attack.
You scratch the two-headed ogre.
The two-headed ogre is severely wounded.
You scratch the two-headed ogre.
The two-headed ogre is almost dead.
The two-headed ogre closely misses you.
The two-headed ogre hits you with a +0 giant spiked club!!
* * * LOW HITPOINT WARNING * * *
You scratch the two-headed ogre.
The two-headed ogre is almost dead.
The two-headed ogre hits you with a +0 giant club!
You die...

'...#≈# #.........#
#...#≈## ### ##.##.....#
##..#≈≈###.## ##)#.)...##
.#..#ß≈≈ß...###)))#.....#
∩#..'.......##..)#.).#.##
.#..#ß≈≈ß...............#
##..#≈≈.....##......#..##
#...#≈........#.........#
'...#≈.........O@...#..##
#..ß#≈......#.......#...#
#####≈.....#.#..........#
≈≈≈≈≈..................#
#.....o.........#....##
##.#.................#
##....................#
##...#.........>......##
....##..........#......#


You could see a two-headed ogre (fast).

Vanquished Creatures
  Rupert (Lair:4)
  Gastronok (Lair:3)
  An orc warlord (Bailey)
  Harold (D:9)
  5 catoblepae (Lair:5)
  Erolcha (Orc:1)
  2 hydras (Lair:5)
  4 two-headed ogres
  An ogre mage (Orc:1)
  A boulder beetle (Lair:1)
  6 death yaks (Lair:5)
  Nergalle (Lair:2)
  A hell knight (Volcano)
  2 deep elf pyromancers (Volcano)
  4 harpies (Lair:3)
  An oklob plant (Lair:5)
  An ugly thing (D:11)
  7 cyclopes
  2 salamanders (Volcano)
  4 manticores
  14 elephants
  5 molten gargoyles (Volcano)
  A torpor snail (Lair:4)
  7 cane toads
  3 gargoyles
  4 black mambas
  5 komodo dragons
  2 rime drakes (Lair:5)
  A polar bear (Lair:2)
  2 trolls (D:12)
  10 blink frogs
  2 dream sheep (Lair:4)
  A jumping spider (Lair:3)
  5 slime creatures (D:11)
  A culicivora (Lair:3)
  A shadow (D:12)
  2 vampires (D:12)
  4 wraiths
  3 wyverns
  3 fire bats (Lair:2)
  75 yaks
  A fire elemental (Lair:4)
  2 basilisks (Lair:1)
  2 wargs
  A steam dragon (D:9)
  10 water moccasins
  7 orc warriors
  4 black bears
  An ice beast (D:5)
  An ogre (Orc:1)
  10 wolves
  5 centaurs
  2 phantoms
  5 kobold brigands
  9 bullfrogs
  2 gnoll sergeants
  7 scorpions
  14 wights
  A killer bee (D:8)
  A howler monkey (D:5)
  2 bombardier beetles
  A lava snake (D:8)
  A gnoll bouda (D:8)
  15 orc priests
  2 hounds
  2 sleepcaps
  Jessica (D:3)
  Natasha (thrice) (D:4)
  5 iguanas
  21 orc wizards
  24 gnolls
  5 adders
  A white imp (D:6)
  4 ufetubi (D:7)
  3 ribbon worms
  42 orcs
  2 bats
  5 endoplasms
  4 giant cockroaches
  15 goblins
  11 hobgoblins
  2 jackals (D:5)
  33 kobolds
  7 quokkas
  7 ball pythons
  2 frilled lizards (D:1)
  5 rats
508 creatures vanquished.

Vanquished Creatures (collateral kills)
  A wyvern (D:8)
  2 killer bees (D:8)
  2 kobolds (D:8)
5 creatures vanquished.

Grand Total: 513 creatures vanquished

Notes
Turn   | Place    | Note
-------+----------+-------------------------------------------
     0 | D:1      | Autsider the Troll Fighter began the quest for the Orb.
     0 | D:1      | Reached XP level 1. HP: 22/22 MP: 0/0
   371 | D:1      | Reached XP level 2. HP: 29/29 MP: 1/1
   993 | D:2      | Reached XP level 3. HP: 36/36 MP: 2/2
  1001 | D:2      | Reached skill level 3 in Unarmed Combat
  1010 | D:2      | Reached XP level 4. HP: 41/44 MP: 3/3
  1498 | D:3      | Found a stormy altar of Qazlal.
  1748 | D:3      | Found a white marble altar of Elyvilon.
  1760 | D:3      | Found a blossoming altar of Fedhas.
  1789 | D:3      | Noticed Jessica
  1797 | D:3      | Killed Jessica
  2140 | D:4      | Reached XP level 5. HP: 43/53 MP: 4/4
  2237 | D:4      | Noticed Natasha
  2243 | D:4      | Killed Natasha
  2449 | D:4      | Noticed Natasha
  2452 | D:4      | Killed Natasha
  2466 | D:4      | Found a broken altar of Ashenzari.
  2482 | D:4      | Reached skill level 4 in Unarmed Combat
  2482 | D:4      | Reached XP level 6. HP: 61/61 MP: 6/6
  2944 | D:4      | Noticed Natasha
  2951 | D:4      | Killed Natasha
  2952 | D:4      | Reached skill level 1 in Translocations
  2966 | D:5      | Entered Level 5 of the Dungeon
  3011 | D:5      | Reached skill level 1 in Spellcasting
  3045 | D:5      | Noticed a yak
  3045 | D:5      | Noticed a yak
  3045 | D:5      | Noticed a yak
  3055 | D:5      | Noticed a yak
  3058 | D:5      | Killed a yak
  3059 | D:5      | Reached XP level 7. HP: 58/67 MP: 7/7
  3062 | D:5      | Killed a yak
  3063 | D:5      | Reached skill level 5 in Unarmed Combat
  3070 | D:5      | Killed a yak
  3075 | D:5      | Killed a yak
  3076 | D:5      | Reached XP level 8. HP: 67/78 MP: 8/8
  3179 | D:5      | Reached skill level 6 in Unarmed Combat
  3284 | D:4      | Reached skill level 5 in Shields
  3290 | D:4      | Reached skill level 7 in Unarmed Combat
  3290 | D:4      | Reached XP level 9. HP: 73/85 MP: 9/9
  3849 | D:6      | Identified a scroll of acquirement
  3849 | D:6      | Acquired the ring "Riathir" {Fire Str+2 Dex+2}
  3943 | D:6      | Found a bloodstained altar of Trog.
  4072 | D:6      | Found a staircase to the Ecumenical Temple.
  4088 | Temple   | Entered the Ecumenical Temple
  4094 | Temple   | Became a worshipper of the Wu Jian Council
  4117 | D:6      | Reached skill level 5 in Fighting
  4117 | D:6      | Reached skill level 5 in Dodging
  4649 | D:7      | Reached skill level 8 in Unarmed Combat
  4756 | D:7      | Found a snail-covered altar of Cheibriados.
  4940 | D:7      | Reached * piety under Wu Jian
  5114 | D:8      | Reached XP level 10. HP: 89/97 MP: 10/10
  5149 | D:8      | Found a shimmering altar of Xom.
  5156 | D:8      | Reached skill level 9 in Unarmed Combat
  5156 | D:8      | Found a shimmering altar of Xom.
  5157 | D:8      | Found a shimmering altar of Xom.
  5158 | D:8      | Found a shimmering altar of Xom.
  5164 | D:8      | Found a shimmering altar of Xom.
  5165 | D:8      | Noticed a two-headed ogre
  5167 | D:8      | Found a shimmering altar of Xom.
  5189 | D:8      | Killed a two-headed ogre
  5196 | D:8      | Found a flagged portal.
  5215 | Bailey   | Entered a bailey
  5228 | Bailey   | Noticed an orc warlord
  5277 | Bailey   | Reached ** piety under Wu Jian
  5291 | Bailey   | Found a runed translucent gate.
  5292 | Bailey   | Found a runed translucent gate.
  5305 | Bailey   | Found a runed translucent gate.
  5546 | Bailey   | Killed an orc warlord
  5603 | Bailey   | Identified the ring "Ixo Kyqi" {Fire rElec}
  5613 | Bailey   | Acquired the +1 robe "Caag" {rElec rPois Str+2}
  6149 | D:9      | Reached skill level 10 in Unarmed Combat
  6302 | D:9      | Identified the +0 robe of Inaction {rElec rPois Stlth-}
  6480 | D:9      | Reached *** piety under Wu Jian
  6485 | D:9      | Reached XP level 11. HP: 84/107 MP: 11/11
  6501 | D:9      | Noticed Harold
  6516 | D:9      | Killed Harold
  6571 | D:9      | Noticed a two-headed ogre
  6583 | D:9      | Killed a two-headed ogre
  6717 | D:9      | Noticed a two-headed ogre
  6726 | D:9      | Killed a two-headed ogre
  6727 | D:9      | Reached skill level 11 in Unarmed Combat
  6868 | D:10     | Entered Level 10 of the Dungeon
  6972 | D:10     | Noticed a two-headed ogre
  6990 | D:10     | Killed a two-headed ogre
  7084 | D:10     | Learned a level 1 spell: Apportation
  7143 | D:10     | Found a staircase to the Lair.
  7326 | D:10     | Reached **** piety under Wu Jian
  7328 | D:10     | Identified the +1 ring mail "Pifarch" {rPois rC+ Str+3}
  7409 | D:10     | Reached ***** piety under Wu Jian
  7456 | D:10     | Found a staircase to the Orcish Mines.
  8028 | D:11     | Reached skill level 12 in Unarmed Combat
  8283 | D:11     | Reached XP level 12. HP: 119/119 MP: 12/12
  8424 | D:12     | Found a gate leading to a gauntlet.
  8429 | Gauntlet | Entered a Gauntlet
  8429 | Gauntlet | Found a transporter.
  8429 | Gauntlet | Found a transporter.
  8436 | Gauntlet | Noticed a death scarab
  8447 | Gauntlet | Found a transporter.
  8451 | Gauntlet | Found a transporter.
  8459 | Gauntlet | Found a transporter.
  8463 | Gauntlet | Found a transporter.
  8467 | Gauntlet | Found a runed translucent door.
  8467 | Gauntlet | Noticed a dire elephant
  8469 | Gauntlet | Found a runed translucent door.
  8471 | Gauntlet | Found a transporter.
  8487 | Gauntlet | Found a transporter.
  8488 | Gauntlet | Noticed a catoblepas
  8501 | Gauntlet | Found a transporter.
  8505 | Gauntlet | Found a transporter.
  8513 | Gauntlet | Found a transporter.
  8517 | Gauntlet | Found a transporter.
  8739 | D:12     | Got the Atlas of Violence
  9103 | D:12     | Found a burning altar of Makhleb.
  9103 | D:12     | Noticed a blizzard demon
  9222 | Lair:1   | Entered Level 1 of the Lair of Beasts
  9399 | Lair:1   | Noticed a boulder beetle
  9410 | Lair:1   | Killed a boulder beetle
  9426 | Lair:1   | Reached skill level 13 in Unarmed Combat
  9986 | Lair:2   | Noticed Nergalle
  9996 | Lair:2   | Killed Nergalle
 10136 | Lair:2   | Found a dark tunnel.
 10151 | Volcano  | Entered a volcano
 10210 | Volcano  | Reached XP level 13. HP: 114/128 MP: 13/13
 10308 | Volcano  | Reached skill level 14 in Unarmed Combat
 10385 | Volcano  | Noticed an orb of fire
 10471 | Volcano  | Noticed an orb of fire
 11006 | Lair:2   | Reached ****** piety under Wu Jian
 11452 | Lair:3   | Noticed Gastronok
 11474 | Lair:3   | Killed Gastronok
 11616 | Lair:3   | Reached skill level 10 in Shields
 11759 | Lair:3   | Found a hole to the Spider Nest.
 11809 | Lair:3   | Found a staircase to the Shoals.
 12193 | Lair:4   | Noticed Rupert
 12196 | Lair:4   | Paralysed by Rupert for 2 turns
 12202 | Lair:4   | Paralysed by Rupert for 2 turns
 12211 | Lair:4   | Paralysed by Rupert for 4 turns
 12221 | Lair:4   | Killed Rupert
 12222 | Lair:4   | Reached skill level 15 in Unarmed Combat
 12752 | Lair:4   | Reached XP level 14. HP: 135/140 MP: 14/14
 13039 | Lair:5   | Entered Level 5 of the Lair of Beasts
 13125 | Lair:5   | Found a runed translucent door.
 13126 | Lair:5   | Found a viscous altar of Jiyva.
 13139 | Lair:5   | Found a sacrificial altar of Ru.
 13443 | Lair:5   | Reached skill level 10 in Fighting
 13457 | Lair:5   | Reached skill level 16 in Unarmed Combat
 13802 | Lair:5   | Found a staircase to the Slime Pits.
 13802 | Lair:5   | Noticed an acid blob
 13802 | Lair:5   | Noticed an acid blob
 14272 | Orc:1    | Entered Level 1 of the Orcish Mines
 14334 | Orc:1    | Found a runed translucent door.
 14337 | Orc:1    | Noticed a balrug
 14389 | Orc:1    | Found a runed translucent gate.
 14390 | Orc:1    | Found a runed translucent gate.
 14390 | Orc:1    | Found an opulent altar of Gozag.
 14391 | Orc:1    | Found a runed translucent gate.
 14393 | Orc:1    | Noticed Ecig's ghost (journeyman DrSh)
 14408 | Orc:1    | Noticed Erolcha
 14427 | Orc:1    | Killed Erolcha
 14463 | Orc:1    | Paralysed by an ogre mage for 2 turns
 14475 | Orc:1    | HP: 3/144 [two-headed ogre/+0 giant club (23)]
 14476 | Orc:1    | Mangled by a two-headed ogre

Illustrated notes

Levels and vault maps discovered:
D:1:      tarquinn_simple_flora_water_d, layout_basic, skrybe_limestone_x
D:2:      layout_basic
D:3:      layout_basic, nicolae_overflow_squiral, mainiacjoe_overflow_paths,
          minmay_misc_feat_doors, uniq_jessica
D:4:      layout_basic, mainiacjoe_overflow_surrounded_room, uniq_natasha
D:5:      layout_cave_pools, kennysheep_path_1
D:6:      layout_loops_ring, trog_hazing_becter, minmay_temple_entry_waves,
          hangedman_abyss_or_decor_stagger
D:7:      layout_basic, cheibriados_altar_1
D:8:      layout_gridville, xom_shifter_show, enter_bailey_3,
          minmay_misc_feat_enclosed, kennysheep_minor_cross
D:9:      layout_loops_ring, uniq_harold
D:10:     layout_basic, erik_lair_orcish_takeover, hiddenorc1_lemuel
D:11:     layout_long_grid
D:12:     minmay_statue_hallways, layout_cave_pools, gauntlet_entry_generic,
          makhleb_altar_promises_db
Temple:   nicolae_temple_bog_church
Lair:1:   wander_river, layout_long_grid, serial_bayou_shore_b,
          serial_bayou_shore_b, grunt_megastairs_1
Lair:2:   layout_long_grid, nicolae_volcano_entry_batcave, uniq_nergalle
Lair:3:   layout_regular_city, nicolae_shoals_entry_roost,
          spider_nest_entry_funnel_web, lemuel_fruit_tree, uniq_gastronok
Lair:4:   layout_gridlike, uniq_rupert
Lair:5:   evilmike_catoblepas_cave, layout_hall_layers, slime_entry_2,
          lemuel_oklob_altar
Orc:1:    dreamdust_dug_too_deep, layout_caves, ebering_ghost_gozag,
          uniq_erolcha

Skill      XL: |  1  2  3  4  5  6  7  8  9 10 11 12 13 14 |
---------------+-------------------------------------------+-----
Shields        | 3 4 5 6 7 8 9 10 11 | 11.2
Unarmed Combat | 3 4 5 7 8 10 12 13 15 16 | 16.5
Dodging        | 3 4 5 6 7 8 9 |  9.9
Fighting       | 3 4 5 6 7 8 9 10 | 10.3
Translocations | 1 2 3 |  3.3
Spellcasting   | 1 |  1.1

Action                     |  1- 3 |  4- 6 |  7- 9 | 10-12 | 13-15 || total
---------------------------+-------+-------+-------+-------+-------++-------
  Melee: Unarmed           |    57 |   101 |   188 |   659 |   532 ||  1537
  Throw: Throwing net      |       |       |       |       |     1 ||     1
 Invoke: Serpent's Lash    |       |       |       |       |     2 ||     2
Ability: Lunge             |       |       |    14 |    54 |    31 ||    99
         Whirlwind         |       |       |       |    17 |    15 ||    32
    Use: Scroll            |       |       |    16 |    13 |     2 ||    31
         Potion            |       |       |       |       |     1 ||     1
   Stab: Held in net/web   |       |       |       |       |     2 ||     2
         Petrified         |       |       |       |       |     3 ||     3
 Armour: Robe              |    15 |    52 |    82 |   151 |       ||   300
         Troll leather arm |       |       |       |    48 |   223 ||   271
  Dodge: Dodged            |    17 |    20 |   117 |   247 |   174 ||   575
  Block: Kite shield       |    21 |    28 |    84 |   235 |   243 ||   611

Table legend: (Time is in decaauts)
 A = Elapsed time spent in this place.
 B = Non-inter-level travel time spent in this place.
 C = Inter-level travel time spent in this place.
 D = Time resting spent in this place.
 E = Time spent auto-exploring this place.
 F = Levels seen in this place.
 G = Mean time per level.
                   A        B        C        D        E       F      G
               +--------+--------+--------+--------+--------+-----+--------+
         Total |  14311 |  13410 |    901 |    459 |   9478 |  22 |  650.5 |
       Dungeon |   8586 |   7968 |    618 |    111 |   6060 |  12 |  715.5 |
        Temple |     12 |      6 |      6 |      0 |      0 |   1 |   12.0 |
          Lair |   4359 |   4083 |    276 |    131 |   3003 |   5 |  871.8 |
  Orcish Mines |    194 |    194 |      0 |      5 |    107 |   1 |  194.0 |
        Bailey |    459 |    459 |      0 |    144 |    124 |   1 |  459.0 |
       Volcano |    468 |    468 |      0 |     68 |     84 |   1 |  468.0 |
      Gauntlet |    231 |    231 |      0 |      0 |    100 |   1 |  231.0 |
               +--------+--------+--------+--------+--------+-----+--------+

Top non-repeatable levels by time:
    D:10: 1049 daAuts
  Lair:5: 1030 daAuts
     D:4: 955 daAuts
  Lair:2: 881 daAuts
  Lair:3: 873 daAuts
  Lair:4: 849 daAuts
     D:1: 832 daAuts
     D:5: 788 daAuts
     D:9: 737 daAuts
     D:6: 729 daAuts
  Lair:1: 723 daAuts
     D:3: 693 daAuts
    D:11: 636 daAuts
     D:8: 630 daAuts
     D:2: 526 daAuts
